 Dungeon Crawl Stone Soup version 0.18.1-48-g4cf74bf (webtiles) character file.

87 Gargoyl the Skirmisher (level 4, -1/35 HPs)
             Began as a Demonspawn Abyssal Knight on Aug 16, 2016.
             Was a Believer of Lugonu.
             Killed from afar by Schimscham's ghost (5 damage)
             ... with a puff of flame
             ... on level 3 of the Dungeon.
             The game lasted 00:06:28 (2268 turns).

Gargoyl the Skirmisher (Demonspawn Abyssal Knight)  Turns: 2268, Time: 00:06:29

Health: -1/35      AC:  5    Str: 14    XL:     4   Next: 28%
Magic:  5/5        EV: 11    Int: 13    God:    Lugonu [**....]
Gold:   142        SH:  0    Dex: 12    Spells: 0 memorised, 3 levels left

rFire  . . .     SeeInvis .     f - +0 double sword
rCold  . . .     Gourm    .     g - +0 ring mail
rNeg   . . .     Faith    .     (no shield)
rPois  .         Spirit   .     (no helmet)
rElec  .         Dismiss  .     (no cloak)
rCorr  .         Reflect  .     (no gloves)
SustAt .         Harm     .     (no boots)
MR     .....                    (no amulet)
Stlth  +.........               (no ring)
                                (no ring)

@: not resistant to hostile enchantments, very unstealthy
A: claws 1, powered by pain 1
a: Depart the Abyss, Bend Space, Renounce Religion


You were on level 3 of the Dungeon.
You worshipped Lugonu.
Lugonu was pleased with you.
You were hungry.

You visited 1 branch of the dungeon, and saw 3 of its levels.
You visited the Abyss 1 time.

You collected 142 gold pieces.

Inventory:

Hand Weapons
 a - a +1 hand axe
 f - a +0 double sword (weapon)
Missiles
 o - 6 tomahawks (quivered)
Armour
 b - a +0 leather armour
 g - a +0 ring mail (worn)
Scrolls
 d - 4 scrolls of identify {unknown}
 e - 2 scrolls of remove curse {unknown}
 h - a scroll of blinking {unknown}
 j - a scroll of amnesia {unknown}
 k - 2 scrolls of enchant weapon {unknown}
 m - 3 scrolls of teleportation {unknown}
 r - a scroll of enchant armour {unknown}
Potions
 n - a potion of heal wounds {unknown}
 p - a potion of resistance {unknown}
 s - a potion of cancellation {unknown}
 t - a potion of invisibility {unknown}
Comestibles
 c - a bread ration
 i - 9 fruits
 l - a beef jerky
 q - a meat ration


   Skills:
 + Level 3.5 Fighting
 + Level 1.2 Long Blades
 + Level 1.7 Axes
 * Level 2.5 Armour
 + Level 2.2 Dodging
 + Level 2.5 Invocations


You had 3 spell levels left.
You didn't know any spells.

Dungeon Overview and Level Annotations

Branches:
Dungeon (3/15)

Altars:

Annotations:
D:3 Schimscham's ghost, weakling DrFE


Innate Abilities, Weirdness & Mutations

You have sharp fingernails.
You sometimes gain a little power by taking damage.


Message History

Schimscham's ghost turns its malevolent gaze towards you.
Found a green potion.
Schimscham's ghost hits you.
You hit Schimscham's ghost.
Schimscham's ghost is lightly damaged.
Schimscham's ghost hits you!
A kobold comes into view. It is wielding a short sword.
You barely miss Schimscham's ghost.
Schimscham's ghost is lightly damaged.
Schimscham's ghost casts a spell at you.
The puff of flame hits you! Schimscham's ghost barely misses you.
You closely miss Schimscham's ghost.
Schimscham's ghost is lightly damaged.
Schimscham's ghost hits you!
* * * LOW HITPOINT WARNING * * *
A jackal comes into view.
The jackal barks!
Schimscham's ghost points at you and mumbles some strange words.
The puff of flame hits you!
You die...

......................
##.##.#......#.#......
.. .............####.
#.#.....###### #
#...........## ###.#
....##...#...##.....
#.#. ###.##......#..
..# #.###........
#.###@.##....
.####............
.......W#..##..#.
......)....# .#
........##.# #
.!.....K# .# ...h....#
.. ........# ...
......... ..


You could see Schimscham's ghost and a jackal.

Vanquished Creatures
  2 adders (D:2)
  An ooze (D:2)
  2 dart slugs
  A giant gecko (D:2)
  A ball python (D:2)
  4 giant cockroaches
  8 goblins
  7 hobgoblins
  7 jackals
  6 kobolds
  2 quokkas (D:2)
  5 bats
  2 giant newts (D:1)
  8 rats
56 creatures vanquished.

Notes
Turn   | Place    | Note
--------------------------------------------------------------
     0 | Abyss:1  | Gargoyl the Demonspawn Abyssal Knight began the quest for the Orb.
     0 | Abyss:1  | Reached XP level 1. HP: 18/18 MP: 2/2
    41 | Abyss:2  | Noticed a small abomination
    41 | D:1      | Escaped the Abyss
    53 | D:1      | Noticed a hog
    53 | D:1      | Noticed a worker ant
    53 | D:1      | Noticed a polar bear
    53 | D:1      | Noticed a swamp drake
   226 | D:1      | Reached skill level 1 in Dodging
   263 | D:1      | Reached * piety under Lugonu
   411 | D:1      | Gained mutation: You sometimes gain a little power by taking damage. [demonic ancestry]
   411 | D:1      | Reached XP level 2. HP: 22/24 MP: 3/3
   906 | D:1      | Gained mutation: You have sharp fingernails. [demonic ancestry]
   906 | D:1      | Reached XP level 3. HP: 29/29 MP: 4/4
  1460 | D:2      | Reached skill level 1 in Long Blades
  1475 | D:2      | Reached XP level 4. HP: 12/35 MP: 5/5
  1537 | D:2      | Reached ** piety under Lugonu
  1905 | D:2      | Found a faded altar to an unknown god.
  2260 | D:3      | Noticed Schimscham's ghost (weakling DrFE)
  2268 | D:3      | Killed from afar by Schimscham's ghost

Skill      XL: |  1  2  3 |
---------------+----------+-----
Dodging        | 1 2 |  2.2
Armour         | 2 |  2.5
Long Blades    | 1 |  1.2
Fighting       | |  3.5
Axes           | |  1.7
Invocations    | |  2.5

Action                   |  1- 3 |  4- 6 || total
-------------------------+-------+-------++-------
Melee: Double sword      |   147 |    47 ||   194
Invok: Depart the Abyss  |     1 |       ||     1
  Eat: Chunk             |     2 |     2 ||     4
Armor: Ring mail         |   110 |    18 ||   128
Dodge: Dodged            |   135 |    28 ||   163
